 Dungeon Crawl Stone Soup version 0.27-a0-343-gfcad680f63 (webtiles) character file.

Game seed: 14393540791086635527

525 dickylongcocking the Sneak (level 7, -8/66 HPs)
             Began as a Kobold Brigand on Feb 14, 2021.
             Was an Initiate of Ashenzari.
             Mangled by an orc priest
             ... wielding a +1 hand axe of electrocution
              (13 damage)
             ... on level 5 of the Dungeon.
             The game lasted 00:06:02 (5686 turns).

dickylongcocking the Sneak (Kobold Brigand)         Turns: 5686, Time: 00:06:02

Health: -8/66      AC:  7    Str: 10    XL:     7   Next: 47%
Magic:  7/7        EV: 12    Int: 12    God:    Ashenzari [......]
Gold:   232        SH:  5    Dex: 17    Spells: 6/6 levels left

rFire    . . .     SeeInvis .   t - +6 lajatang
rCold    . . .     Faith    .   (shield currently unavailable)
rNeg     . . .     Spirit   .   k - +0 ring mail
rPois    .         Reflect  +   (no helmet)
rElec    .         Harm     .   c - +0 cloak
rCorr    .         Rampage  .   s - +0 pair of gloves
Will     .....                  (no boots)
Stlth    ..........             o - amulet of reflection
HPRegen  0.21/turn              (no ring)
MPRegen  0.10/turn              (no ring)

@: berserking, very slightly contaminated, invisible, very quick
A: small, nightstalker 3
a: Renounce Religion, Curse Item


You were on level 5 of the Dungeon.
You worshipped Ashenzari.
Ashenzari was noncommittal.
You visited 2 branches of the dungeon, and saw 6 of its levels.

You collected 232 gold pieces.

Inventory:

Hand Weapons
 a - a +2 dagger
 t - a +6 lajatang (weapon)
Missiles
 d - 25 poisoned darts
 e - 7 curare-tipped darts (quivered)
Armour
 b - a +0 robe
 c - a +0 cloak (worn)
 k - a +0 ring mail (worn)
 s - a +0 pair of gloves (worn)
Jewellery
 o - an amulet of reflection (around neck)
Wands
 i - a wand of flame (11)
Scrolls
 f - 2 scrolls of immolation
 g - 2 scrolls of teleportation
 h - 2 scrolls of enchant armour
 j - a scroll of fog
 m - 3 scrolls of amnesia
 n - a scroll of fear
 u - 5 scrolls of identify
Potions
 l - a potion of flight
 p - a potion of might
 q - a potion of berserk rage


   Skills:
 - Level 4.6 Fighting
 - Level 4.7 Short Blades
 * Level 2.2 Staves
 - Level 2.1 Throwing
 - Level 3.0 Armour
 - Level 1.2 Dodging
 - Level 6.6 Stealth


You had 6 spell levels left.
You didn't know any spells.
Your spell library was empty.

Dungeon Overview and Level Annotations

Branches:
Dungeon (5/15)             Temple (1/1) D:4

Altars:
Ashenzari
Dithmenos
Elyvilon
Fedhas
Gozag
Kikubaaqudgha
Makhleb
Nemelex Xobeh
Qazlal
Ru
Sif Muna
Trog
Uskayaw
Vehumet
Wu Jian
Yredelemnul
The Shining One


Innate Abilities, Weirdness & Mutations

You are small and have problems with some larger weapons.
You are completely attuned to the shadows.


Message History

An orc wizard comes into view.
It is wielding a +2 dagger of protection.
Found a stone staircase leading down.
An orc priest comes into view.
It is wielding a +1 hand axe of electrocution.
The orc wizard shouts!
The orc priest shouts!
The orc shouts!
The orc barely misses you. x2
An orc comes into view. It is wielding a +0 hand axe.
The orc shouts!
Found a +0 long sword.
You barely miss the orc. You block the orc's attack.
The orc wizard points at you and mumbles some strange words.
You resist with some effort. The orc misses you.
The orc priest invokes the aid of Beogh against you.
Beogh smites you!
You slash the orc!
You kill the orc!
The orc hits you with a +0 war axe of distortion.
The orc wizard casts a spell at you. The magic dart hits you!
You are too injured to fight recklessly!
You are too injured to fight recklessly!
Unknown command.
The orc wizard gestures at you while chanting.
The magic dart hits you.
The orc hits you with a +0 war axe of distortion.
You fade into invisibility!
The orc priest hits you with a +1 hand axe of electrocution.
You are very lightly contaminated with residual magic.
Unknown command.
Unknown command.
A red film seems to cover your vision as you go berserk!
You feel yourself moving faster!
You feel mighty! The orc hits you but does no damage.
Space warps horribly around you!
* * * LOW HITPOINT WARNING * * *
Unknown command.
Unknown command.
You closely miss the orc wizard.
The orc priest hits you with a +1 hand axe of electrocution.
* * * LOW HITPOINT WARNING * * *
You are electrocuted!
You die...

...# ###.## ##.##
.#.# #.
#..####...# .#.#
#.## ##...##...#
...## ..#
###......# ##..##
#.# ####...#
#...#####.##
#...#
#.#........##
#...#
#.....####..#####
##### #.....#
#....o@##
.......#
#.####oo####
##......
#..#..o.....
.###..<).... #.
....(.....
##...>....
#....)...


You could see an orc priest, an orc wizard and 2 orcs.

Vanquished Creatures
  2 ogres
  A scorpion (D:5)
  A bullfrog skeleton (D:5)
  2 worker ants
  A worker ant zombie (D:4)
  4 adders
  4 gnolls (D:2)
  A white imp (D:5)
  An ooze (D:3)
  4 worms
  2 dart slugs
  A leopard gecko (D:1)
  6 orcs
  8 bats
  5 giant cockroaches
  14 goblins
  15 hobgoblins
  9 jackals
  9 kobolds
  5 quokkas
  A ball python (D:4)
  7 frilled lizards
  7 rats
110 creatures vanquished.

Notes
Turn   | Place    | Note
-------+----------+-------------------------------------------
     0 | D:1      | dickylongcocking the Kobold Brigand began the quest for the
                  | Orb.
     0 | D:1      | Reached XP level 1. HP: 12/12 MP: 1/1
   510 | D:1      | Reached XP level 2. HP: 17/18 MP: 2/2
   679 | D:1      | Reached XP level 3. HP: 16/22 MP: 3/3
   684 | D:1      | Reached skill level 1 in Armour
  1502 | D:1      | Reached XP level 4. HP: 27/27 MP: 4/4
  1853 | D:2      | Found a glowing golden altar of the Shining One.
  2232 | D:2      | Reached XP level 5. HP: 13/32 MP: 5/5
  2892 | D:3      | Reached skill level 6 in Stealth
  3891 | D:4      | Reached XP level 6. HP: 37/38 MP: 6/6
  4422 | D:4      | Found a staircase to the Ecumenical Temple.
  4428 | Temple   | Entered the Ecumenical Temple
  4707 | Temple   | Became a worshipper of Ashenzari the Shackled
  4762 | D:4      | Noticed an ogre
  4767 | D:4      | Killed an ogre
  4768 | D:4      | Reached skill level 1 in Staves
  5007 | D:5      | Entered Level 5 of the Dungeon
  5027 | D:5      | Noticed an ogre
  5032 | D:5      | Killed an ogre
  5033 | D:5      | Reached XP level 7. HP: 44/44 MP: 7/7
  5686 | D:5      | Mangled by an orc priest

Illustrated notes

Levels and vault maps discovered:
D:1:      onia_arrival_pyramid, layout_rooms, minmay_misc_feat_four_crosses,
          nrook_loot_triangle, minmay_indecisive_spiral
D:2:      layout_loops_ring, overflow_temple_1_default
D:3:      layout_loops_ring
D:4:      layout_loops_ring, minmay_temple_entry_grid
D:5:      layout_rooms, minmay_crystal_room, minmay_lizard_king
Temple:   eino_temple_rhombus

Skill      XL: |  1  2  3  4  5  6  7 |
---------------+----------------------+-----
Short Blades   | 3 4 |  4.7
Armour         | 1 2 3 |  3.0
Fighting       | 3 4 |  4.6
Stealth        | 6 |  6.6
Staves         | 1 2 |  2.2
Throwing       | |  2.1
Dodging        | |  1.2

Action                   |  1- 3 |  4- 6 |  7- 9 || total
-------------------------+-------+-------+-------++-------
Melee: Dagger            |   124 |   185 |       ||   309
       Unarmed           |       |     8 |       ||     8
       Lajatang          |       |    14 |    23 ||    37
Throw: Dart              |       |     2 |       ||     2
  Use: Potion            |     1 |     4 |     2 ||     7
       Scroll            |       |    10 |       ||    10
 Stab: Sleeping          |    14 |    36 |     1 ||    51
Armor: Robe              |    17 |       |       ||    17
       Ring mail         |     2 |    63 |     6 ||    71
       Skin              |       |     8 |       ||     8
Dodge: Dodged            |    67 |   102 |    13 ||   182
Block: Other             |     3 |    34 |     3 ||    40

Table legend: (Time is in decaauts)
 A = Elapsed time spent in this place.
 B = Non-inter-level travel time spent in this place.
 C = Inter-level travel time spent in this place.
 D = Time resting spent in this place.
 E = Time spent auto-exploring this place.
 F = Levels seen in this place.
 G = Mean time per level.
                   A        B        C        D        E       F      G
               +--------+--------+--------+--------+--------+-----+--------+
         Total |   5638 |   5458 |    180 |   1066 |   3586 |   6 |  939.7 |
       Dungeon |   5341 |   5201 |    140 |   1066 |   3337 |   5 | 1068.2 |
        Temple |    296 |    256 |     40 |      0 |    249 |   1 |  296.0 |
               +--------+--------+--------+--------+--------+-----+--------+

Top non-repeatable levels by time:
     D:1: 1593 daAuts
     D:2: 1173 daAuts
     D:3: 1048 daAuts
     D:4: 839 daAuts
     D:5: 687 daAuts
  Temple: 296 daAuts
